 Dungeon Crawl Stone Soup version 0.32-a0-612-g1c984fe9d1 (webtiles) character file.

Game seed: 3203366402397232620

963647 Dirtsage the Wrestler (level 27, -2/296 HPs)
             Began as a Troll Shapeshifter on Mar 2, 2024.
             Was a High Priest of Wu Jian.
             Slain by a demonspawn warmonger
             ... wielding a +2 vampiric demon trident
              (26 damage)
             ... on level 16 of a ziggurat on Mar 4, 2024.
             The game lasted 04:28:10 (67046 turns).

Dirtsage the Wrestler (Troll Shapeshifter)         Turns: 67046, Time: 04:28:10

Health: -2/296     AC: 30    Str: 41    XL:     27
Magic:  15/26      EV: 27    Int:  8    God:    Wu Jian [*****.]
Gold:   8507       SH: 23    Dex: 15    Spells: 30/32 levels left

rFire   + +          .
                       - Unarmed
rCold   + + +        c - +1 tower shield {reflect}
rNeg    + + +        i - +8 gold dragon scales
rPois   ∞            (helmet restricted)
rElec   +            G - scarf {repulsion}
rCorr   +            (gloves unavailable)
SInv    +            (boots unavailable)
Will    ++++.        j - amulet "Gufithilisch" {rElec Regen+ Str+4} Stlth
                     F - ring "Tyevusof" {rF+ rCorr Str+5}
HPRegen 2.29/turn    o - ring "Parixtur" {rC+ rN+ Will+ SInv}
MPRegen 0.20/turn

%: repel missiles, reflection, clarity
@: death-form, magic-sapped, corroded, in a heavenly storm, hasted and slowed,
glowing, studying 6 skills
A: vile attack, torment immunity, no potions, large, unfitting armour, claws 3,
regeneration 1, shaggy fur 1, tough skin 1, iridescent scales 1, clarity,
mutation resistance 1, passive freeze
}: 10/15 runes: serpentine, barnacled, slimy, silver, abyssal, demonic, glowing,
magical, fiery, dark
a: Siphon Essence, Begin Untransformation, Renounce Religion, Wall Jump,
Serpent's Lash, Heavenly Storm


You were on level 16 of a ziggurat.
You worshipped Wu Jian.
Wu Jian was extremely pleased with you.
You were an undying horror.
You visited 12 branches of the dungeon, and saw 52 of its levels.
You visited Pandemonium 1 time, and saw 17 of its levels.
You visited the Abyss 2 times.
You visited 1 bazaar.
You visited 1 ziggurat, and saw 16 of its levels.
You also visited: Trove, Gauntlet, Ice Cave and Desolation.

You collected 10636 gold pieces.
You spent 2129 gold pieces at shops.

Inventory:

Missiles
 e - 5 silver javelins (quivered)
Armour
 c - a +1 tower shield of reflection (worn)
 i - +8 gold dragon scales (worn)
 m - the +0 cloak "Xudaniuv" {Rampage}
   (You found it on level 5 of a ziggurat)

   Rampage:   It bestows one free step when moving towards enemies.
 C - a +2 cloak of preservation
 G - a scarf of repulsion (worn)
Jewellery
 j - the amulet "Gufithilisch" (around neck) {rElec Regen+ Str+4}
   (You acquired it on level 2 of the Orcish Mines)

   [amulet of regeneration]

   Str+4:     It affects your strength (+4).
   rElec:     It insulates you from electricity.
   Regen+:    It increases your rate of health regeneration.
 k - the amulet of Qianosud {Faith rC+ Dex+2}
   (You found it on level 5 of the Pits of Slime)

   [amulet of faith]

   Faith:     It allows you to gain divine favour quickly.
   Dex+2:     It affects your dexterity (+2).
   rC+:       It protects you from cold.
 o - the ring "Parixtur" (right claw) {rC+ rN+ Will+ SInv}
   (You found it on level 7 of a ziggurat)

   [ring of protection from cold]

   rC+:       It protects you from cold.
   rN+:       It protects you from negative energy.
   Will+:     It increases your willpower.
   SInv:      It lets you see invisible.
 p - the amulet "Niocilo" {Acrobat rElec Will+ Str-3 Int+4 Dex+4}
   (You found it in Pandemonium)

   [amulet of the acrobat]

   Acrobat:   It increases your evasion while moving and waiting.
   Str-3:     It affects your strength (-3).
   Int+4:     It affects your intelligence (+4).
   Dex+4:     It affects your dexterity (+4).
   rElec:     It insulates you from electricity.
   Will+:     It increases your willpower.
 x - the ring of Equilibrium {Fly Dex+3}
   (You found it on level 3 of the Elven Halls)

   [ring of flight]

   Dex+3:     It affects your dexterity (+3).
   Fly:       It grants you flight.
 z - the amulet "Hirgh" {rC++ Regen+ rCorr}
   (You acquired it on level 12 of a ziggurat)

   [amulet of regeneration]

   rC++:      It greatly protects you from cold.
   Regen+:    It increases your rate of health regeneration.
   rCorr:     It protects you from acid and corrosion.
 A - the ring of Curiosity {rF+ Will+ Int+6}
   (You found it on level 10 of a ziggurat)

   [ring of intelligence]

   Int+6:     It affects your intelligence (+6).
   rF+:       It protects you from fire.
   Will+:     It increases your willpower.
 F - the ring "Tyevusof" (left claw) {rF+ rCorr Str+5}
   (You found it on level 3 of the Elven Halls)

   [ring of protection from fire]

   Str+5:     It affects your strength (+5).
   rF+:       It protects you from fire.
   rCorr:     It protects you from acid and corrosion.
 I - the ring of Liculuyll {Will+ rCorr Str+6 Dex-3}
   (You found it in a treasure trove)

   [ring of willpower]

   Str+6:     It affects your strength (+6).
   Dex-3:     It affects your dexterity (-3).
   Will+:     It increases your willpower.
   rCorr:     It protects you from acid and corrosion.
 J - the ring "Huzeof" {rPois Will++ Dex-3 Stlth+}
   (You found it in the Desolation of Salt)

   [ring of poison resistance]

   Dex-3:     It affects your dexterity (-3).
   rPois:     It protects you from poison.
   Will++:    It greatly increases your willpower.
   Stlth+:    It makes you more stealthy.
 P - the ring of Symekk {rElec rN++ Dex+6}
   (You took it off a skeletal warrior on level 3 of the Crypt)

   [ring of dexterity]

   Dex+6:     It affects your dexterity (+6).
   rElec:     It insulates you from electricity.
   rN++:      It greatly protects you from negative energy.
 S - the ring "Wuahoab" {rElec rN+ Will+ Int-4}
   (You found it in Pandemonium)

   [ring of positive energy]

   Int-4:     It affects your intelligence (-4).
   rElec:     It insulates you from electricity.
   rN+:       It protects you from negative energy.
   Will+:     It increases your willpower.
 W - the ring of Ohuot {Will+ MP-9 Str+6 Slay+3 Stlth+}
   (You found it in a treasure trove)

   [ring of strength]

   Str+6:     It affects your strength (+6).
   Slay+3:    It affects your accuracy & damage with ranged weapons and melee
   (+3).
   Will+:     It increases your willpower.
   MP-9:      It affects your magic capacity (-9).
   Stlth+:    It makes you more stealthy.
 X - the ring "Decoj" {rC+ EV+5 Str+2}
   (You found it on level 1 of the Vaults)

   [ring of evasion]

   EV+5:      It affects your evasion (+5).
   Str+2:     It affects your strength (+2).
   rC+:       It protects you from cold.
Talismans
 N - a talisman of death (active)
Wands
 D - a wand of digging (22)
Scrolls
 g - 10 scrolls of fear
 t - 28 scrolls of teleportation
 v - 5 scrolls of silence
 w - 8 scrolls of noise
 y - 20 scrolls of fog
 B - 17 scrolls of blinking
 E - 11 scrolls of immolation
 K - 12 scrolls of poison
 L - 22 scrolls of vulnerability
 Q - 13 scrolls of revelation
 R - 3 scrolls of torment
 U - 3 scrolls of summoning
Potions
 a - 6 potions of cancellation
 b - 14 potions of lignification
 d - 10 potions of might
 f - 6 potions of attraction
 h - 11 potions of haste
 l - 13 potions of heal wounds
 n - 5 potions of resistance
 q - 25 potions of curing
 r - 19 potions of mutation
 s - 16 potions of brilliance
 H - 6 potions of berserk rage
 M - 6 potions of magic
 O - 9 potions of invisibility
 Y - 3 potions of experience
Miscellaneous
 u - a phantom mirror
 T - a lightning rod (4/4)
 V - a phial of floods
 Z - a sack of spiders


   Skills:
 + Level 21.0 Fighting
 + Level 18.8 Armour
 + Level 18.7 Dodging
 + Level 20.8 Shields
 + Level 26.0 Unarmed Combat
 - Level 3.1 Spellcasting
 - Level 13.5 Translocations
 - Level 10.4 Air Magic
 + Level 23.0 Shapeshifting


You had 30 spell levels left.
You knew the following spells:

 Your Spells              Type           Power      Damage    Failure   Level
b - Blink                 Tloc           44%        N/A       1%          2

Your spell library contained the following spells:

 Spells                   Type           Power      Damage    Failure   Level
 Apportation              Tloc           44%        N/A       1%          1
 Lesser Beckoning         Tloc           44%        N/A       1%          2
 Gell's Gravitas          Tloc           22%        N/A       3%          3
 Teleport Other           Tloc           22%        N/A       3%          3
 Manifold Assault         Tloc           22%        N/A       10%         4
 Passage of Golubria      Tloc           22%        N/A       10%         4
 Momentum Strike          Conj/Tloc      24%        3d8       24%         2
 Mercury Vapours          Alch/Air       18%        N/A       41%         2
 Volatile Blastmotes      Fire/Tloc      24%        2d12      43%         3
 Cigotuvi's Dreadful Rot  Necr/Alch/Air  12%        N/A       67%         2
 Dispersal                Tloc           11%        N/A       83%         6
 Mephitic Cloud           Conj/Alch/Air  6%         N/A       88%         3
 Foxfire                  Conj/Fire      4%         2x1d4     95%         1
 Kiss of Death            Conj/Necr      4%         2d5       95%         1
 Magic Dart               Conj           4%         1d3       95%         1
 Necrotise                Necr           4%         1d4       95%         1
 Sandblast                Erth           2%         2d4       95%         1
 Slow                     Hex            4%         N/A       95%         1
 Sting                    Conj/Alch      4%         1d3       95%         1
 Summon Small Mammal      Summ           4%         N/A       95%         1
 Summon Lightning Spire   Summ/Air       9%         N/A       96%         4
 Call Imp                 Summ           2%         N/A       98%         2
 Jinxbite                 Hex            2%         N/A       98%         2
 Scorch                   Fire           2%         2d5       98%         2
 Searing Ray              Conj           2%         2d4       98%         2
 Sublimation of Blood     Necr           1%         N/A       98%         2
 Summon Forest            Summ/Tloc      6%         N/A       99%         5
 Call Canine Familiar     Summ           1%         N/A       100%        3
 Confusing Touch          Hex            1%         N/A       100%        3
 Dazzling Flash           Conj/Hex       2%         N/A       100%        3
 Hailstorm                Conj/Ice       1%         3d5       100%        3
 Inner Flame              Hex/Fire       1%         N/A       100%        3
 Passwall                 Erth           1%         N/A       100%        3
 Sigil of Binding         Hex            1%         N/A       100%        3
 Stone Arrow              Conj/Erth      2%         3d7       100%        3
 Summon Ice Beast         Ice/Summ       1%         N/A       100%        3
 Tukima's Dance           Hex            1%         N/A       100%        3
 Vampiric Draining        Necr           1%         2d6       100%        3
 Anguish                  Hex/Necr       0%         N/A       100%        4
 Animate Armour           Summ/Erth      2%         N/A       100%        4
 Animate Dead             Necr           1%         N/A       100%        4
 Brom's Barrelling Bould  Conj/Erth      1%         2d3       100%        4
 Cause Fear               Hex            0%         N/A       100%        4
 Dispel Undead            Necr           1%         3d6       100%        4
 Flame Wave               Conj/Fire      1%         2d4       100%        4
 Fulminant Prism          Conj/Alch      0%         3d5       100%        4
 Ignite Poison            Fire/Alch      1%         N/A       100%        4
 Martyr's Knell           Necr/Summ      1%         N/A       100%        4
 Olgreb's Toxic Radiance  Alch           1%         N/A       100%        4
 Petrify                  Alch/Erth      1%         N/A       100%        4
 Sticky Flame             Fire/Alch      1%         2d4       100%        4
 Summon Blazeheart Golem  Fire/Summ      1%         N/A       100%        4
 Alistair's Intoxication  Alch           0%         N/A       100%        5
 Borgnjor's Vile Clutch   Necr/Erth      0%         N/A       100%        5
 Curse of Agony           Necr           1%         N/A       100%        5
 Fireball                 Conj/Fire      0%         3d3       100%        5
 Freezing Cloud           Conj/Ice/Air   3%         6-21      100%        5
 Irradiate                Conj/Alch      0%         3d11      100%        5
 Iskenderun's Battlesphe  Conj           1%         2d6       100%        5
 Lee's Rapid Deconstruct  Erth           0%         3d4*      100%        5
 Silence                  Hex/Air        4%         N/A       100%        5
 Summon Mana Viper        Hex/Summ       1%         N/A       100%        5
 Yara's Violent Unravell  Hex/Alch       0%         3d3       100%        5
 Bombard                  Conj/Erth      0%         9d1       100%        6
 Conjure Ball Lightning   Conj/Air       4%         3x3d6     100%        6
 Death Channel            Necr           0%         N/A       100%        6
 Eringya's Noxious Bog    Alch           0%         4d6       100%        6
 Plasma Beam              Fire/Air       4%         2x1d14    100%        6
 Sculpt Simulacrum        Ice/Alch       0%         N/A       100%        6
 Starburst                Conj/Fire      0%         6d3       100%        6
 Summon Cactus Giant      Summ           0%         N/A       100%        6
 Enfeeble                 Hex            0%         N/A       100%        7
 Haunt                    Necr/Summ      0%         N/A       100%        7
 Malign Gateway           Summ/Tloc      6%         N/A       100%        7
 Orb of Destruction       Conj           0%         9d5       100%        7
 Spellforged Servitor     Conj/Summ      0%         N/A       100%        7
 Summon Hydra             Summ           0%         N/A       100%        7
 Borgnjor's Revivificati  Necr           0%         N/A       100%        8
 Disjunction              Tloc           11%        N/A       100%        8
 Ignition                 Fire           0%         3d3       100%        8
 Infestation              Necr           0%         N/A       100%        8
 Maxwell's Capacitive Co  Air            8%         ∞         100%        8
 Summon Horrible Things   Summ           0%         N/A       100%        8
 Chain Lightning          Conj/Air       4%         3d6       100%        9
 Death's Door             Necr           0%         N/A       100%        9
 Fire Storm               Conj/Fire      0%         6d1       100%        9
 Shatter                  Erth           0%         3d5*      100%        9


Dungeon Overview and Level Annotations

Branches:
Dungeon (15/15)            Temple (1/1) D:6            Lair (5/5) D:10
 Shoals (4/4) Lair:2        Snake (4/4) Lair:2        Slime (5/5) Lair:4
    Orc (2/2) D:12            Elf (3/3) Orc:2        Vaults (5/5) D:14
  Crypt (3/3) Vaults:3       Tomb (0/3) Crypt:3      Depths (4/4) D:15
   Hell (visited)             Dis (0/7) Hell            Geh (0/7) Hell
    Coc (0/7) Hell            Tar (0/7) Hell            Zot (0/5) Depths:4
  IceCv (visited)         Desolation (visited)      Gauntlet (visited)

Altars:
Ashenzari
Cheibriados
Dithmenos
Elyvilon
Fedhas
Gozag
Hepliaklqana
Kikubaaqudgha
Makhleb
Nemelex Xobeh
Okawaru
Qazlal
Ru
Sif Muna
Trog
Uskayaw
Vehumet
Wu Jian
Xom
Yredelemnul
Zin
The Shining One
Jiyva

Shops:
D:4 :((   D:8 *   D:9 *   Orc:2 =*[(*   Elf:1 =   Elf:2 !   Shoals:3 ?
Snake:2 :   Vaults:3 !

Portals:
Hell: Depths:1 Depths:2 Depths:3 Depths:4
Abyss: Depths:1 Depths:2 Depths:3
Pandemonium: Depths:2

Annotations:
Vaults:1 4 runed translucent doors


Innate Abilities, Weirdness & Mutations

You are an undying horror.
Your melee and unarmed attacks drain, slow and weaken victims.
You are immune to unholy pain and torment.
You cannot drink.
You are immune to poison.
You are too large for most types of armour.
You have claws for hands.
Your natural rate of healing is unusually fast.
You are covered in fur. (AC +1)
You have tough skin. (AC +1)
You are partially covered in iridescent scales. (AC +2)
You possess an exceptional clarity of mind.
You are somewhat resistant to further mutation.
A frigid envelope surrounds you and freezes all who hurt you.


Message History

You miss the Tzitzimitl. You mangle the Tzitzimitl!!
The Tzitzimitl decays.
The Tzitzimitl is moderately wounded.
You block the tormentor's attack. x2
The demonspawn warmonger closely misses you.
You regained 2 hp, and now have 167/296 hp.
You spin and attack the tormentor repeatedly.
You scratch the tormentor but do no damage.
You closely miss the tormentor.
You spin and attack the Tzitzimitl repeatedly.
You scratch the Tzitzimitl but do no damage.
The Tzitzimitl is moderately wounded.
You eviscerate the Tzitzimitl!!!
The Tzitzimitl decays.
The Tzitzimitl is almost dead.
You feel less exhausted. The balrug closely misses you.
The demonspawn black sun hits you from afar with a +0 glaive!
You feel your power leaking away. The Tzitzimitl gestures at you.
You convulse!
You block the demonspawn warmonger's attack.
You block the balrug's attack.
The demonspawn black sun barely misses you.
You take 75 damage, and have 92/296 hp.
MASSIVE DAMAGE!!
You now have 15/26 mp.
You spin and attack the demonspawn warmonger repeatedly.
You eviscerate the demonspawn warmonger!!!
The demonspawn warmonger decays.
The demonspawn warmonger is moderately wounded.
You mangle the demonspawn warmonger!!
The demonspawn warmonger decays.
You drain the demonspawn warmonger.
The demonspawn warmonger is heavily wounded.
You spin and attack the Tzitzimitl.
You mangle the Tzitzimitl!!
The Tzitzimitl decays.
The Tzitzimitl is almost dead.
The balrug is no longer moving slowly.
The balrug is no longer weakened.
You block the demonspawn black sun's attack.
The Tzitzimitl gestures at you.
You convulse!
* * * LOW HITPOINT WARNING * * *
The demonspawn warmonger hits you from afar with a +2 vampiric demon trident!!
You die...

▓▓▓▓▓▓▓▓▓▓▓▓▓
▓▓...........▓▓
▓▓.............▓▓
▓▓=.....○○☼☼§○...▓▓
▓▓)$.....☼☼☼☼°°☼...▓▓
▓?:/.....☼☼z24○§....▓▓
∩$|)?....☼261☼§.○....▓▓
>::1)....§○☼66○.°...∩.▓
∩&21[.)..).○.2°.☼....▓▓
▓[24..).....°..☼○...▓▓
▓▓yJ......°.6...§..▓▓
▓▓§........6...°.▓▓
▓▓.............▓▓
▓▓...........▓▓


You could see 2 demonspawn warmongers, a Tzitzimitl (agile, black mark, slow,
weak), a demonspawn black sun (fast, black mark, drained), a balrug (fast, black
mark), an ice devil (agile, black mark) and a tormentor (inner flame, black
mark).

Vanquished Creatures
  Cerebov (Pan)
  the Royal Jelly (Slime:5)
  Mnoleg (Pan)
  Gloorx Vloq (Pan)
  Lom Lobon (Pan)
  A seraph (Pan)
  2 dread liches
  Frederick (Crypt:1)
  3 ancient liches
  The ghost of Minism the Axe Maniac, a legendary MiFi of the Shining One (Zig:9)
  11 pandemonium lords
  A juggernaut (Depths:4)
  The ghost of Iwannabefree the Slayer, a veteran CoGl of Ashenzari (Zig:9)
  Xtahua (Depths:3)
  Bai Suzhen (Vaults:4)
  Vv (Depths:4)
  Josephina (Depths:3)
  9 royal mummies
  Vashnia (Snake:4)
  Saint Roka (Crypt:2)
  Margery (Crypt:1)
  5 caustic shrikes
  Geryon (Hell)
  2 pearl dragons (Pan)
  A profane servitor (Abyss:3)
  6 golden dragons
  the Enchantress (Depths:4)
  Jory (Depths:3)
  3 Tzitzimimeh
  4 bone dragons
  11 Brimstone Fiends (Pan)
  5 tentacled monstrosities
  Zenata (Crypt:1)
  Mlioglotl (Snake:1)
  2 iron giants (Zig:11)
  8 hellephants
  2 Ice Fiends (Pan)
  5 Hell Sentinels
  3 walking frostbound tomes (Pan)
  A tainted leviathan (Hell)
  2 searing wretches (Zig:8)
  10 liches
  A deep elf master archer (Elf:3)
  2 deep elf blademasters
  2 quicksilver dragons (Vaults:5)
  34 Executioners
  4 titans (Vaults:5)
  12 tentacled starspawn
  4 sphinxes
  5 ancient champions
  23 acid blobs
  4 shadow dragons
  The ghost of ILmort the Spry, an adept DECj of Vehumet (Vaults:1)
  4 protean progenitors (Pan)
  6 tengu reavers
  Ilsuiw (Shoals:4)
  4 storm dragons
  14 daevas
  15 demonspawn warmongers
  10 frost giants
  4 draconian monks
  Roxanne (Snake:3)
  2 iron dragons (Zig:11)
  12 azure jellies
  2 rockslimes
  The ghost of fpsbossfight the Covert, an adept KoFi of Uskayaw (Shoals:2)
  A draconian knight (Zig:10)
  3 revenants (Zig:13)
  4 nagarajas (Snake:4)
  A quicksilver elemental (Zig:2)
  8 deep elf sorcerers
  8 fire giants
  2 draconian scorchers (Depths:4)
  Louise (Shoals:1)
  A caustic shrike zombie (Crypt:3)
  2 ghost moths (Depths:3)
  17 vault wardens
  32 angels
  11 curse skulls
  An imperial myrmidon (Desolation)
  25 balrugs
  4 draconian annihilators
  An orc warlord (Orc:2)
  5 demonspawn corrupters
  8 deep elf elementalists
  8 ghouls
  29 reapers
  18 quicksilver oozes
  3 spriggan defenders (Depths:4)
  2 draconian stormcallers
  26 cacodemons
  4 caustic shrike skeletons
  10 demonspawn blood saints
  13 ophanim
  4 juggernaut skeletons (Pan)
  22 ironbound preservers
  30 apis (Pan)
  18 stone giants
  2 deep elf demonologists (Elf:3)
  11 ironbound thunderhulks
  19 very ugly things
  2 green draconians
  2 black draconians (Zig:10)
  6 formless jellyfish
  Nessos (Lair:4)
  16 demonspawn black suns
  A purple draconian (Depths:4)
  A halazid warlock (Desolation)
  28 vampire knights
  14 lorocyprocas
  2 white draconians
  5 war gargoyles
  7 deep elf death magi
  Azrael (Snake:3)
  10 dire elephants
  5 putrid mouths (Hell)
  2 red draconians
  A minotaur (Gauntlet)
  A spark wasp (Depths:1)
  8 deep elf annihilators
  3 yellow draconians
  26 blizzard demons
  15 green deaths
  6 crystal guardians
  9 merfolk impalers
  7 merfolk javelineers (Shoals:4)
  7 ettins
  11 eidola
  10 jiangshi
  8 fire dragons
  3 iron golems
  4 mummy priests
  6 ragged hierophants (Desolation)
  18 great orbs of eyes
  10 rakshasas
  40 vault guards
  6 deep elf high priests
  4 hydras
  4 spriggan zombies
  10 ice dragons
  14 yaktaur captains
  5 salamander tyrants
  2 alligators (Pan)
  2 catoblepae
  2 jorogumos (Pan)
  5 merfolk avatars
  2 servants of whispers (Desolation)
  5 spriggan air magi
  5 peacekeepers
  3 ogre magi
  A sphinx zombie (Zig:14)
  8 tengu warriors
  5 boulder beetles
  5 death knights
  44 dancing weapons
  5 ironbound frosthearts
  11 anacondas
  5 ghost crabs
  6 two-headed ogres (Vaults:5)
  5 alligator snapping turtles
  9 centaur warriors
  2 spriggan skeletons
  6 merfolk aquamancers
  3 titan zombies
  A stoker (Zig:8)
  5 death yaks
  8 deep troll earth magi
  17 naga warriors
  10 vampire magi
  2 satyrs (Shoals:4)
  6 deep troll shamans (Depths:1)
  The ghost of Flippered the Basher, a novice DrSh of Ru (D:9)
  10 naga sharpshooters
  25 demonic crawlers
  16 hell knights
  16 thrashing horrors
  4 orc high priests (Orc:2)
  11 hell hogs
  36 soul eaters
  6 spriggan berserkers
  9 shock serpents
  8 holy swine
  Urug (D:13)
  14 deep elf knights
  A storm dragon zombie (Zig:14)
  An emperor scorpion zombie (Crypt:3)
  4 iron trolls (Depths:1)
  84 sun demons
  2 crystal echidnas (Hell)
  17 shadow wraiths
  A bunyip zombie (Crypt:1)
  A golden dragon zombie (Zig:14)
  7 skysharks
  5 salamander mystics
  A spatial maelstrom (Abyss:3)
  18 shadow demons
  8 wretched stars (Abyss:3)
  38 skeletal warriors
  39 deep trolls
  41 sixfirhies
  12 sea snakes
  11 glowing orange brains
  A quicksilver dragon simulacrum (Abyss:3)
  5 sun moths (Pan)
  2 swamp dragons (Zig:7)
  10 cherubim (Pan)
  23 ironbound convokers
  An anaconda (shapeshifter) (Vaults:5)
  12 flayed ghosts
  2 spriggan druids
  14 mana vipers
  2 arcanists
  4 bog bodies
  A fenstrider witch simulacrum (Crypt:1)
  5 deep elf archers
  38 phantasmal warriors
  14 naga ritualists
  An anaconda zombie (Abyss:3)
  A lindwurm (shapeshifter) (Depths:2)
  73 large abominations
  An obsidian statue (D:9)
  4 thermic dynamos
  3 lindwurms
  A harpy (shapeshifter) (Abyss:3)
  10 necromancers
  13 harpies
  A golden dragon skeleton (Zig:14)
  8 orc knights
  20 deep elf zephyrmancers
  A shadow dragon skeleton (Zig:14)
  2 wolf spiders
  20 deep elf pyromancers
  9 shining eyes
  2 stone giant zombies (Crypt:3)
  35 ugly things
  A tengu skeleton (Vaults:4)
  4 orc sorcerers
  A sphinx simulacrum (Zig:14)
  14 cyclopes
  An oklob plant (Lair:4)
  2 fauns (Shoals:2)
  2 iron dragon zombies
  3 will-o-the-wisps
  10 salamanders
  13 manticores
  A jorogumo skeleton (Crypt:1)
  2 goliath frog skeletons
  An elf zombie (Vaults:3)
  An iron dragon skeleton (Crypt:3)
  5 worldbinders
  2 meliai (shapeshifter)
  20 elephants
  4 Executioner simulacra (Pan)
  8 guardian serpents
  A black mamba (shapeshifter) (Elf:1)
  46 black mambas
  A kobold blastminer (Orc:2)
  2 dire elephant zombies (Crypt:1)
  A toenail golem (Abyss:3)
  2 torpor snails (Zig:15)
  3 apocalypse crabs (Abyss:3)
  A centaur zombie (Crypt:3)
  16 naga magi
  2 rust devils
  15 vault sentinels
  4 eyes of devastation
  6 merfolk sirens
  5 gargoyles
  6 ice statues
  A titan simulacrum (Depths:3)
  An alligator snapping turtle zombie (Crypt:2)
  A fire giant skeleton (Vaults:3)
  16 cane toads
  8 molten gargoyles
  30 orange demons
  3 water nymphs (Shoals:4)
  A centaur skeleton (Abyss:3)
  A mana viper skeleton (Crypt:3)
  42 smoke demons
  A stone giant skeleton (Crypt:3)
  2 storm dragon simulacra (Depths:3)
  A purple draconian zombie (Crypt:2)
  8 hellions
  A rime drake (shapeshifter) (Elf:1)
  5 unseen horrors
  An unseen horror (shapeshifter) (Elf:1)
  23 yaktaurs
  13 efreet
  19 komodo dragons
  3 kobold demonologists
  7 rime drakes
  An iron troll zombie (Crypt:3)
  9 ancient zymes
  10 freezing wraiths
  10 guardian mummies
  11 ice devils
  8 tengu conjurers
  A yaktaur skeleton (Vaults:3)
  A bunyip simulacrum (Crypt:2)
  15 tormentors
  6 red devils
  2 harpy zombies
  A hydra zombie (Abyss:3)
  25 merfolk
  5 trolls
  3 tyrant leeches
  16 polar bears
  14 hellwings
  40 saltlings (Desolation)
  6 glass eyes
  A merfolk (shapeshifter) (Elf:1)
  A tarantella (shapeshifter) (Elf:1)
  10 wind drakes
  5 hornets
  Prince Ribbit (Lair:1)
  5 raiju (Abyss:3)
  9 snapping turtles
  A glass eye (shapeshifter) (Vaults:5)
  27 blink frogs
  An iron dragon simulacrum (Depths:3)
  2 death drake skeletons
  A blink frog (shapeshifter) (Elf:1)
  9 dream sheep
  A radroach zombie (Crypt:3)
  A tarantella zombie (Crypt:1)
  51 slime creatures
  An air elemental (Elf:3)
  2 centaur simulacra (D:12)
  An ettin skeleton (Crypt:2)
  3 ushabtiu
  A culicivora (shapeshifter) (Vaults:5)
  25 wraiths
  42 ynoxinuls
  19 water elementals
  4 shadows
  A naga simulacrum (Abyss:3)
  3 vampires
  79 yaks
  4 spriggans
  23 wyverns
  5 fire elementals
  4 steam dragons
  53 starcursed masses (Abyss:3)
  5 fire bats
  14 golden eyes
  A golden eye (shapeshifter) (Elf:3)
  2 redbacks (Lair:5)
  A basilisk (D:15)
  2 wargs
  27 neqoxecs
  14 vampire mosquitoes
  29 chaos spawn
  3 spatial vortices (Abyss:3)
  A merfolk zombie (Crypt:1)
  3 harpy simulacra
  A swamp worm (shapeshifter) (Elf:3)
  A deep troll zombie (Crypt:1)
  55 nagas
  A fire bat skeleton (Crypt:2)
  22 water moccasins
  8 hell hounds
  2 naga skeletons (Abyss:3)
  2 glowing shapeshifter skeletons
  29 orc warriors
  A sky beast (Abyss:3)
  A meliai simulacrum (D:12)
  A snapping turtle zombie (Crypt:2)
  5 ice beasts
  2 black bears
  28 laughing skulls
  11 ogres
  4 boggarts
  A black mamba simulacrum (Crypt:2)
  9 centaurs
  4 weeping skulls
  24 wolves
  A human skeleton (Vaults:4)
  5 brain worms (Abyss:3)
  14 bullfrogs
  12 kobold brigands
  4 gnoll sergeants
  20 small abominations
  A scorpion (shapeshifter) (Elf:1)
  3 earth elementals
  A queen bee zombie (Crypt:1)
  4 wights (D:8)
  2 electric eels
  2 howler monkeys
  3 bombardier beetles
  3 hounds
  2 quasits (Abyss:3)
  A gnoll bouda (D:4)
  Crazy Yiuf (D:3)
  5 jellies
  8 orc priests
  An iron imp (Abyss:3)
  3 sleepcaps
  Jessica (D:2)
  3 iguanas
  Terence (D:2)
  15 orc wizards
  Natasha (thrice) (D:3)
  9 hell rats (Hell)
  An ice beast zombie (Crypt:2)
  A boggart simulacrum (D:12)
  15 mummies
  7 adders
  10 gnolls
  4 white imps
  8 ufetubi
  An iguana skeleton (Crypt:3)
  2 dart slugs
  3 ribbon worms
  53 orcs
  7 endoplasms
  3 giant cockroaches
  14 goblins
  5 hobgoblins
  13 jackals
  35 kobolds
  2 quokkas
  9 ball pythons
  9 bats
  A dart slug zombie (Crypt:1)
  5 frilled lizards
  A kobold skeleton (Crypt:2)
  6 rats
  A rat zombie (Crypt:3)
  A spectral orc (D:6)
  2 aspiring fleshes (Pan)
  17 starspawn tentacles
3607 creatures vanquished.

Vanquished Creatures (others)
  A fire giant (Depths:3)
  2 reapers (Zig:13)
  A blizzard demon (Pan)
  A green death (Pan)
  A fire dragon (Depths:2)
  A deep troll earth mage (Vaults:5)
  2 deep elf knights
  A naga ritualist (Snake:4)
  A polar bear (Zig:15)
  A fire bat (Abyss:3)
  A chaos spawn (Pan)
  3 small abominations (Abyss:3)
  A boggart (D:15)
  A hog skeleton (Crypt:1)
  A kobold brigand (D:14)
  A scorpion (D:6)
  12 ball lightnings (Pan)
  12 foxfires
  A lurking horror (Abyss:3)
  18 starspawn tentacles
63 creatures vanquished.

Grand Total: 3670 creatures vanquished

Notes
Turn   | Place    | Note
-------+----------+-------------------------------------------
     0 | D:1      | Dirtsage the Troll Shapeshifter began the quest for the
                  | Orb.
     0 | D:1      | Reached XP level 1. HP: 18/18 MP: 0/0
    10 | D:1      | Reached skill level 1 in Fighting
    10 | D:1      | Reached XP level 2. HP: 25/27 MP: 1/1
   401 | D:1      | Reached XP level 3. HP: 33/33 MP: 2/2
   472 | D:1      | Found a faded altar of an unknown god.
   863 | D:2      | Noticed Jessica
   865 | D:2      | Killed Jessica
   871 | D:2      | Reached XP level 4. HP: 41/41 MP: 3/3
  1067 | D:2      | Noticed Terence
  1235 | D:2      | Killed Terence
  1446 | D:2      | Reached XP level 5. HP: 48/49 MP: 4/4
  1698 | D:3      | Found a burning altar of Makhleb.
  1698 | D:3      | Noticed a cacodemon
  1706 | D:3      | Noticed Natasha
  1718 | D:3      | Killed Natasha
  1758 | D:3      | Found an ornate altar of the Wu Jian Council.
  1778 | D:3      | Became a worshipper of the Wu Jian Council
  1805 | D:3      | Noticed Natasha
  1810 | D:3      | Killed Natasha
  1820 | D:3      | Noticed Natasha
  1824 | D:3      | Killed Natasha
  1825 | D:3      | Reached skill level 4 in Unarmed Combat
  1825 | D:3      | Reached XP level 6. HP: 57/57 MP: 5/5
  1995 | D:3      | Found a glowing golden altar of the Shining One.
  2118 | D:3      | Found a runed translucent door.
  2119 | D:3      | Noticed Crazy Yiuf
  2215 | D:4      | Found Weggerchu's Book Shoppe.
  2535 | D:4      | Reached * piety under Wu Jian
  2564 | D:4      | Reached skill level 5 in Shapeshifting
  2749 | D:3      | Found a shimmering blue altar of Sif Muna.
  2749 | D:3      | Found a white marble altar of Elyvilon.
  2854 | D:4      | Found Doixius's Antique Weapon Shoppe.
  2885 | D:4      | Found Ehihije's Antique Weapon Shoppe.
  2987 | D:4      | Reached XP level 7. HP: 66/66 MP: 6/6
  3373 | D:5      | Entered Level 5 of the Dungeon
  3626 | D:5      | Noticed a steam dragon
  3657 | D:5      | Killed a steam dragon
  4159 | D:6      | Reached skill level 5 in Unarmed Combat
  4164 | D:6      | Reached XP level 8. HP: 73/75 MP: 7/7
  4238 | D:6      | Reached ** piety under Wu Jian
  4471 | D:6      | Found a basalt altar of Yredelemnul.
  4521 | D:6      | Found a staircase to the Ecumenical Temple.
  4527 | Temple   | Entered the Ecumenical Temple
  4881 | D:7      | Reached skill level 6 in Unarmed Combat
  4881 | D:7      | Reached XP level 9. HP: 84/84 MP: 8/8
  5473 | D:8      | Noticed a cyclops
  5640 | D:8      | Reached skill level 5 in Dodging
  5695 | D:8      | Reached skill level 5 in Fighting
  5768 | D:8      | Found Joemov's Assorted Antiques.
  5784 | D:8      | Reached skill level 7 in Unarmed Combat
  5832 | D:8      | Bought a scroll of blinking for 172 gold pieces
  5850 | D:8      | Reached XP level 10. HP: 63/96 MP: 4/9
  5854 | D:8      | Reached *** piety under Wu Jian
  5864 | D:8      | Killed a cyclops
  6043 | D:8      | Found a shimmering blue altar of Sif Muna.
  6395 | D:9      | Found a runed translucent gate.
  6395 | D:9      | Found a runed translucent gate.
  6395 | D:9      | Found a runed translucent gate.
  6435 | D:9      | Reached skill level 10 in Shapeshifting
  6597 | D:9      | Reached skill level 8 in Unarmed Combat
  6663 | D:9      | Reached skill level 1 in Armour
  6932 | D:9      | Found an opulent altar of Gozag.
  6932 | D:9      | Noticed a white ugly thing
  6932 | D:9      | Noticed a boulder beetle
  7080 | D:9      | Noticed a great orb of eyes
  7080 | D:9      | Noticed Flippered's ghost (novice DrSh)
  7081 | D:9      | Noticed an obsidian statue
  7082 | D:9      | Found Noiram's Assorted Antiques.
  7097 | D:10     | Entered Level 10 of the Dungeon
  7103 | D:10     | Noticed a gargoyle
  7114 | D:10     | Reached **** piety under Wu Jian
  7121 | D:10     | Killed a gargoyle
  7122 | D:10     | Reached XP level 11. HP: 81/106 MP: 7/10
  7154 | D:10     | Found a staircase to the Lair.
  7233 | D:10     | Identified the +1 whip of Gozag's Displeasure {freeze,
                  | rElec rN+}
  7328 | D:10     | Reached skill level 9 in Unarmed Combat
  7333 | D:10     | Noticed a sixfirhy
  8028 | D:11     | Reached ***** piety under Wu Jian
  8477 | D:11     | Reached skill level 10 in Unarmed Combat
  8793 | Lair:1   | Entered Level 1 of the Lair of Beasts
  8916 | Lair:1   | Reached XP level 12. HP: 94/118 MP: 9/11
  8988 | Lair:1   | Noticed Prince Ribbit
  8997 | Lair:1   | Killed Prince Ribbit
 10339 | Lair:2   | Noticed a six-headed hydra
 10363 | Lair:2   | Reached skill level 11 in Unarmed Combat
 10365 | Lair:2   | Killed a six-headed hydra
 10538 | Lair:2   | Found a staircase to the Shoals.
 10576 | Lair:2   | Noticed a five-headed hydra
 10592 | Lair:2   | Killed a five-headed hydra
 10713 | Lair:2   | Found a staircase to the Snake Pit.
 11015 | Lair:3   | Reached XP level 13. HP: 127/127 MP: 12/12
 11151 | Lair:3   | Reached skill level 5 in Armour
 11638 | Lair:4   | Reached skill level 12 in Unarmed Combat
 11818 | Lair:4   | Noticed Nessos
 11830 | Lair:4   | Killed Nessos
 12100 | Lair:4   | Reached ****** piety under Wu Jian
 12127 | Lair:4   | Identified the +0 robe "Fifommump" {^Contam rCorr Int+4
                  | Dex+8}
 12502 | Lair:4   | Found a viscous altar of Jiyva.
 12503 | Lair:4   | Found a staircase to the Slime Pits.
 12641 | Lair:5   | Entered Level 5 of the Lair of Beasts
 12881 | Lair:5   | Found a gate leading to a gauntlet.
 12910 | Gauntlet | Entered a Gauntlet
 12910 | Gauntlet | Found a transporter.
 12910 | Gauntlet | Found a runed translucent door.
 12915 | Gauntlet | Found a runed translucent door.
 12919 | Gauntlet | Found a transporter.
 12923 | Gauntlet | Found a transporter.
 12931 | Gauntlet | Found a transporter.
 12935 | Gauntlet | Found a transporter.
 12944 | Gauntlet | Found a transporter.
 12947 | Gauntlet | Found a transporter.
 12955 | Gauntlet | Found a transporter.
 12959 | Gauntlet | Found a transporter.
 12967 | Gauntlet | Found a transporter.
 12988 | Gauntlet | Found a transporter.
 13000 | Gauntlet | Found a transporter.
 13013 | Gauntlet | Found a transporter.
 13026 | Gauntlet | Found a transporter.
 13133 | Gauntlet | Identified the ring of Wofithoo {rElec Will+}
 13281 | Gauntlet | Noticed a minotaur
 13285 | Gauntlet | Killed a minotaur
 13323 | Gauntlet | Upgraded the game from 0.32-a0-589-g2d1f746d5d to
                  | 0.32-a0-607-g64ea0e4219
 13346 | Gauntlet | Got Sif Muna's Encyclopedia of Terrain
 13422 | Lair:5   | Reached XP level 14. HP: 119/137 MP: 13/13
 13563 | Lair:5   | Reached skill level 13 in Unarmed Combat
 14027 | Lair:5   | Identified 2 scrolls of acquirement
 14027 | Lair:5   | Acquired a manual of Translocations
 14028 | Lair:5   | Acquired a manual of Shields
 14791 | D:12     | Reached skill level 1 in Shields
 15309 | D:12     | Found a staircase to the Orcish Mines.
 15362 | D:12     | Found a frozen archway.
 15387 | IceCv    | Entered an ice cave
 15881 | IceCv    | Reached skill level 5 in Shields
 16982 | D:13     | Reached skill level 14 in Unarmed Combat
 16993 | D:13     | Reached XP level 15. HP: 148/148 MP: 14/14
 17034 | D:13     | Noticed Urug
 17038 | D:13     | Killed Urug
 17407 | D:13     | Found a portal to a secret trove of treasure.
 17946 | D:14     | Found the +7 staff of the Meek {protect, meekguard}
 18153 | D:14     | Found a gate to the Vaults.
 18182 | D:15     | Entered Level 15 of the Dungeon
 18346 | D:15     | Paralysed by an orc sorcerer for 3 turns
 18468 | D:15     | Identified the +1 hand axe of Julusk {spect, Str+4}
 18934 | D:15     | Found a staircase to the Depths.
 19059 | Orc:1    | Entered Level 1 of the Orcish Mines
 19069 | Orc:1    | Found a shimmering blue altar of Sif Muna.
 19340 | Orc:2    | Entered Level 2 of the Orcish Mines
 19340 | Orc:2    | Found a staircase to the Elven Halls.
 19352 | Orc:2    | Found Aheppuid's Jewellery Shoppe.
 19361 | Orc:2    | Found Doilesch's General Store.
 19407 | Orc:2    | Bought a scroll of acquirement for 728 gold pieces
 19704 | Orc:2    | Reached skill level 10 in Fighting
 19719 | Orc:2    | Found Quchye's Antique Weapon Shoppe.
 19773 | Orc:2    | Found Ydiym's General Store.
 19783 | Orc:2    | Reached skill level 10 in Dodging
 20001 | Orc:2    | Found Poplil's Antique Armour Shoppe.
 20307 | Orc:2    | Bought a potion of resistance for 140 gold pieces
 20314 | Orc:2    | Acquired the amulet "Gufithilisch" {rElec Regen+ Str+4}
 20391 | Orc:2    | Bought a dragon-blood talisman for 840 gold pieces
 20629 | Snake:1  | Entered Level 1 of the Snake Pit
 20668 | Snake:1  | Reached XP level 16. HP: 97/158 MP: 12/15
 20774 | Snake:1  | Reached skill level 15 in Unarmed Combat
 20843 | Snake:1  | Reached skill level 15 in Shapeshifting
 21859 | Snake:1  | Noticed Mlioglotl
 21865 | Snake:1  | Noticed a tentacled starspawn
 21866 | Snake:1  | Killed Mlioglotl
 22318 | Snake:2  | Reached skill level 10 in Shields
 22358 | Snake:2  | Found Leodah's Book Shoppe.
 23110 | Snake:3  | Noticed Azrael
 23137 | Snake:3  | Noticed Roxanne
 23150 | Snake:3  | Killed Roxanne
 23484 | Snake:3  | Killed Azrael
 23751 | Snake:3  | Reached XP level 17. HP: 167/167 MP: 16/16
 23755 | Snake:3  | Reached skill level 16 in Unarmed Combat
 24107 | Snake:4  | Entered Level 4 of the Snake Pit
 24660 | Snake:4  | Noticed Vashnia
 24671 | Snake:4  | Killed Vashnia
 25427 | Snake:4  | Got a serpentine rune of Zot
 25690 | Shoals:1 | Entered Level 1 of the Shoals
 25820 | Shoals:1 | Noticed Louise
 25838 | Shoals:1 | Killed Louise
 25852 | Shoals:1 | You fall into a shaft and drop 1 floor!
 26280 | Shoals:2 | Found a runed translucent gate.
 26281 | Shoals:2 | Found a runed translucent gate.
 26297 | Shoals:2 | Noticed fpsbossfight's ghost (adept KoFi)
 26309 | Shoals:2 | Found a runed translucent gate.
 26504 | Shoals:2 | Reached skill level 17 in Unarmed Combat
 26758 | Shoals:2 | Reached XP level 18. HP: 179/179 MP: 17/17
 26765 | Shoals:2 | Killed fpsbossfight's ghost
 26794 | Shoals:2 | Identified the +5 ring mail of Idyosm {Fly rElec MP+9}
 26941 | Shoals:3 | Found Ypsacoith's Magic Scroll Shoppe.
 26953 | Shoals:3 | Bought a scroll of fear for 60 gold pieces
 27342 | Shoals:4 | Entered Level 4 of the Shoals
 27494 | Shoals:4 | Noticed Ilsuiw
 27501 | Shoals:4 | Killed Ilsuiw
 27835 | Shoals:4 | Got a barnacled rune of Zot
 27979 | Shoals:4 | Identified the staff of Xiemioz {rPois Hexes Tloc Alchemy}
 28380 | Depths:1 | Entered Level 1 of the Depths
 28424 | Depths:1 | Found a gateway to Hell.
 28533 | Depths:1 | Reached skill level 18 in Unarmed Combat
 29075 | Depths:1 | Reached XP level 19. HP: 189/189 MP: 18/18
 29294 | Depths:1 | Found a stormy altar of Qazlal.
 29371 | Depths:1 | Found a one-way gate to the infinite horrors of the Abyss.
 29702 | Vaults:1 | Entered Level 1 of the Vaults
 29704 | Vaults:1 | Reached skill level 15 in Shields
 29901 | Vaults:1 | Found a large runed translucent door.
 29901 | Vaults:1 | Found a large runed translucent door.
 29901 | Vaults:1 | Found a large runed translucent door.
 29901 | Vaults:1 | Found a large runed translucent door.
 29901 | Vaults:1 | Found a large runed translucent door.
 29901 | Vaults:1 | Found a large runed translucent door.
 29901 | Vaults:1 | Found a large runed translucent door.
 29901 | Vaults:1 | Found a large runed translucent door.
 29901 | Vaults:1 | Noticed ILmort's ghost (adept DECj)
 29913 | Vaults:1 | Killed ILmort's ghost
 29921 | Vaults:1 | Identified the ring "Decoj" {rC+ EV+5 Str+2}
 31174 | Vaults:2 | Reached skill level 19 in Unarmed Combat
 31343 | Vaults:2 | Identified the +1 whip "Myt Cirr" {freeze, rC++}
 31709 | Vaults:3 | Found Kon Geid's Distillery.
 31739 | Vaults:3 | Reached XP level 20. HP: 201/201 MP: 19/19
 31839 | Vaults:3 | Found a crumbling gateway.
 31841 | Vaults:3 | Found a glowing golden altar of the Shining One.
 31841 | Vaults:3 | Found a white marble altar of Elyvilon.
 31841 | Vaults:3 | Found a glowing silver altar of Zin.
 31854 | Desolati | Entered the Desolation of Salt
 31912 | Desolati | Identified the ring "Huzeof" {rPois Will++ Dex-3 Stlth+}
 31927 | Desolati | Identified the +3 spear "Oru Mar" {drain, Int+8}
 32091 | Desolati | Identified the +3 dire flail "Cedagio" {vamp, rN+}
 32571 | Vaults:3 | Found a staircase to the Crypt.
 32881 | Vaults:3 | You fall into a shaft and drop 1 floor!
 33032 | Vaults:4 | Noticed Bai Suzhen
 33047 | Vaults:4 | Killed Bai Suzhen
 33318 | Vaults:3 | Reached skill level 20 in Unarmed Combat
 33430 | Vaults:3 | Bought a potion of attraction for 57 gold pieces
 34614 | Vaults:5 | Entered Level 5 of the Vaults
 34643 | Vaults:5 | Reached XP level 21. HP: 189/210 MP: 20/20
 34668 | Vaults:5 | Noticed a golden dragon
 34671 | Vaults:5 | Killed a golden dragon
 34706 | Vaults:5 | Noticed a dread lich
 34712 | Vaults:5 | Killed a dread lich
 35146 | Vaults:5 | Reached skill level 21 in Unarmed Combat
 35275 | Vaults:5 | Noticed a golden dragon
 35285 | Vaults:5 | Killed a golden dragon
 35380 | Vaults:5 | Got a silver rune of Zot
 35731 | Vaults:5 | Identified the +1 chain mail "Ubentir" {Rampage rElec}
 35826 | Vaults:5 | Noticed a golden dragon
 35829 | Vaults:5 | Killed a golden dragon
 36127 | Depths:2 | Found a sacrificial altar of Ru.
 36658 | Depths:2 | Found a one-way gate leading to the halls of Pandemonium.
 36772 | Depths:2 | Reached XP level 22. HP: 222/222 MP: 21/21
 36833 | Depths:2 | Noticed a caustic shrike
 36837 | Depths:2 | Noticed a caustic shrike
 36855 | Depths:2 | Noticed a caustic shrike
 37002 | Depths:2 | Killed a caustic shrike
 37090 | Depths:2 | Noticed a caustic shrike
 37094 | Depths:2 | Killed a caustic shrike
 37115 | Depths:2 | Killed a caustic shrike
 37263 | Depths:2 | Killed a caustic shrike
 37627 | Depths:3 | Found a one-way gateway to a ziggurat.
 37737 | Depths:3 | Found an iron altar of Okawaru.
 37872 | Depths:3 | Identified the +0 spear of Inconvenience {heavy, rC++}
 37916 | Depths:3 | Noticed Xtahua
 37921 | Depths:3 | Killed Xtahua
 38212 | Depths:3 | Noticed Jory
 38223 | Depths:3 | Killed Jory
 38381 | Depths:3 | Identified the ring of Koyna {Ice +Blink rElec Will- rCorr}
 38381 | Depths:3 | Noticed Josephina
 38400 | Depths:3 | Killed Josephina
 38800 | Depths:3 | Identified the +3 leather armour of Submission {Harm rCorr
                  | Str-2 Dex+4}
 38934 | Depths:4 | Entered Level 4 of the Depths
 38934 | Depths:4 | Noticed the Enchantress
 38934 | Depths:4 | Noticed a golden dragon
 38947 | Depths:4 | Killed the Enchantress
 38948 | Depths:4 | Reached skill level 22 in Unarmed Combat
 38948 | Depths:4 | Killed a golden dragon
 38967 | Depths:4 | Found a hide-covered altar of Uskayaw.
 38975 | Depths:4 | Noticed a juggernaut
 38982 | Depths:4 | Killed a juggernaut
 39003 | Depths:4 | Found a flickering gateway to a bazaar.
 39018 | Bazaar   | Entered a bazaar
 39025 | Bazaar   | Found Ficvury's Magic Scroll Shop.
 39025 | Bazaar   | Found Muyretoe's Jewellery Boutique.
 39050 | Bazaar   | Found Irim Fiege's Assorted Antiques.
 39076 | Bazaar   | Found Wofiox's Weapon Boutique.
 39215 | Depths:4 | Noticed Vv
 39221 | Depths:4 | Killed Vv
 39266 | Depths:4 | Noticed a golden dragon
 39273 | Depths:4 | Killed a golden dragon
 39369 | Depths:4 | Reached XP level 23. HP: 232/232 MP: 22/22
 39373 | Depths:4 | Found a gate to the Realm of Zot.
 40325 | Elf:1    | Entered Level 1 of the Elven Halls
 40621 | Elf:1    | Reached skill level 10 in Armour
 40674 | Elf:1    | Got Fiathid's Handbook of Amathomancy and the Fifth Circle
 40759 | Elf:1    | Found Yzefiwag's Jewellery Shop.
 41553 | Elf:2    | Found a runed translucent gate.
 41554 | Elf:2    | Found a runed translucent gate.
 41554 | Elf:2    | Found a runed translucent gate.
 41587 | Elf:2    | Found Emerron's Distillery.
 41594 | Elf:2    | Bought a potion of mutation for 88 gold pieces
 41594 | Elf:2    | Bought a potion of might for 44 gold pieces
 41758 | Elf:2    | Reached skill level 15 in Fighting
 42081 | Elf:3    | Entered Level 3 of the Elven Halls
 42607 | Abyss:3  | Cast into level 3 of the Abyss (a deep elf sorcerer)
 42642 | Abyss:3  | Found a corrupted altar of Lugonu.
 42675 | Abyss:3  | Noticed an ancient lich
 42683 | Abyss:3  | Killed an ancient lich
 42699 | Abyss:3  | Found a corrupted altar of Lugonu.
 42818 | Abyss:3  | Found an ornate altar of the Wu Jian Council.
 43086 | Abyss:3  | Found a corrupted altar of Lugonu.
 43276 | Abyss:3  | Gained mutation: Your magical capacity is low. (-10% MP) [a
                  | neqoxec]
 43277 | Abyss:3  | Reached XP level 24. HP: 245/245 MP: 19/19
 43317 | Abyss:3  | Found a corrupted altar of Lugonu.
 43389 | Abyss:3  | Found a corrupted altar of Lugonu.
 43489 | Abyss:3  | Paralysed by accursed screaming for 1 turns
 44070 | Abyss:3  | Found a corrupted altar of Lugonu.
 44158 | Abyss:3  | Paralysed by accursed screaming for 1 turns
 44162 | Abyss:3  | Paralysed by accursed screaming for 1 turns
 44190 | Abyss:3  | Found a corrupted altar of Lugonu.
 44340 | Abyss:3  | Found a shimmering altar of Xom.
 44366 | Abyss:3  | Got an abyssal rune of Zot
 44485 | Abyss:3  | Found a corrupted altar of Lugonu.
 44569 | Abyss:3  | Found a corrupted altar of Lugonu.
 44853 | Elf:3    | Escaped the Abyss
 45036 | Elf:3    | Identified the +8 pearl dragon scales "Damuz" {rElec rF-
                  | rN+ Str+4}
 45062 | Elf:3    | Identified the +5 short sword of Capital Punishment {heavy,
                  | rF+ rC+ MP+9 SInv}
 45063 | Elf:3    | Identified the ring of Fosis {Ice Dex+2 Stlth+}
 45085 | Elf:3    | Reached XP level 25. HP: 214/258 MP: 19/19
 45114 | Elf:3    | Found the +6 Majin-Bo {spellvamp, MP+6 Int+6}
 45136 | Elf:3    | Identified the ring "Tyevusof" {rF+ rCorr Str+5}
 45139 | Elf:3    | Identified the staff "Fysapy Juro" {Fly rElec rCorr Int+3
                  | Air}
 45153 | Elf:3    | Identified the +7 falchion of Rymacax {freeze, rPois Int+4
                  | Dex+5}
 45167 | Elf:3    | Identified the +0 crystal plate armour of Stoicism {Rampage
                  | rPois Regen+}
 45185 | Elf:3    | Identified the ring of Equilibrium {Fly Dex+3}
 45606 | Slime:1  | Entered Level 1 of the Pits of Slime
 45718 | Slime:3  | Gained mutation: You are clumsy. (Dex -2) [a shining eye]
 45721 | Slime:3  | Gained mutation: You are partially covered in iridescent
                  | scales. (AC +2) [a shining eye]
 45785 | Slime:5  | Entered Level 5 of the Pits of Slime
 45824 | Slime:5  | Noticed the Royal Jelly
 45854 | Slime:5  | Killed the Royal Jelly
 46031 | Slime:4  | Gained mutation: You sometimes lose your temper in combat.
                  | [a shining eye]
 46045 | Slime:4  | Lost mutation: You sometimes lose your temper in combat.
                  | [potion of mutation]
 46045 | Slime:4  | Lost mutation: You are clumsy. (Dex -2) [potion of
                  | mutation]
 46045 | Slime:4  | Lost mutation: Your magical capacity is low. (-10% MP)
                  | [potion of mutation]
 46045 | Slime:4  | Gained mutation: You possess an exceptional clarity of
                  | mind. [potion of mutation]
 46045 | Slime:4  | Gained mutation: You are somewhat resistant to further
                  | mutation. [potion of mutation]
 46078 | Slime:5  | Gained mutation: A frigid envelope surrounds you and
                  | freezes all who hurt you. [a shining eye]
 46140 | Slime:5  | Identified the +7 glaive of Grim Gallantry {venom, rF+ rN+}
 46217 | Slime:5  | Identified the amulet of Qianosud {Faith rC+ Dex+2}
 46244 | Slime:5  | Identified the staff of Rotation {+Blink Dex+5 Earth}
 46260 | Slime:5  | Got a slimy rune of Zot
 46266 | Slime:5  | Identified the +5 scimitar "Bepev" {vamp, Will++}
 46940 | D:13     | You showed the abyssal rune of Zot to enter a treasure
                  | trove
 46941 | Trove    | Entered a treasure trove
 46945 | Trove    | Found the amulet of the Air {Inacc Air Fly rElec RMsl}
 46954 | Trove    | Identified the ring "Sustirphaa" {Fire rCorr Str+4}
 46957 | Trove    | Identified the ring of Tixael {Fly rC- Dex+2 Slay+4}
 46960 | Trove    | Identified the ring "Adghy" {Str+5 Int+4 SInv Stlth-}
 46963 | Trove    | Identified the ring "Rekytito" {rPois rN++ rCorr Dex-2
                  | Slay+4}
 46969 | Trove    | Identified the ring of Liculuyll {Will+ rCorr Str+6 Dex-3}
 46971 | Trove    | Identified the ring "Loitsic" {*Corrode rPois rC+ rN+}
 46973 | Trove    | Identified the ring "Necim" {rPois Str+5}
 46975 | Trove    | Identified the ring of Ohuot {Will+ MP-9 Str+6 Slay+3
                  | Stlth+}
 46977 | Trove    | Identified the ring of Ceth {rN+ Will+ Stlth+}
 46982 | Trove    | Identified the amulet of Happiness {Spirit rC+ Str+3}
 47234 | D:3      | Killed Crazy Yiuf
 47363 | D:9      | Killed Flippered's ghost
 47579 | Hell     | Entered the Vestibule of Hell
 47580 | Hell     | Noticed Geryon
 47620 | Hell     | Killed Geryon
 47649 | Hell     | Found a gateway to the freezing wastes of Cocytus.
 47705 | Hell     | Found a gateway to the Iron City of Dis.
 47747 | Hell     | Found a gateway to the ashen valley of Gehenna.
 47841 | Hell     | Found a gateway to the decaying netherworld of Tartarus.
 48272 | Crypt:1  | Entered Level 1 of the Crypt
 48302 | Crypt:1  | Identified the orb "Wuata" {*channel, Str+3 Int+3 Dex+3}
 48302 | Crypt:1  | Noticed Frederick
 48330 | Crypt:1  | Killed Frederick
 48361 | Crypt:1  | Noticed Margery
 48378 | Crypt:1  | Killed Margery
 48746 | Crypt:1  | Noticed Zenata
 48776 | Crypt:1  | Killed Zenata
 48853 | Crypt:1  | Reached skill level 1 in Translocations
 49148 | Crypt:2  | Reached skill level 1 in Air Magic
 49148 | Crypt:2  | Noticed Saint Roka
 49183 | Crypt:2  | Killed Saint Roka
 49187 | Crypt:2  | Reached XP level 26. HP: 223/270 MP: 4/22
 49995 | Crypt:3  | Entered Level 3 of the Crypt
 50306 | Crypt:3  | Found an ancient bone altar of Kikubaaqudgha.
 50317 | Crypt:3  | Reached skill level 5 in Translocations
 50637 | Crypt:3  | Found a staircase to the Tomb.
 50779 | Crypt:3  | Identified the ring "Oroab" {+Blink Fly rElec rN++ EV+5}
 50884 | Crypt:3  | Reached skill level 15 in Dodging
 50901 | Crypt:3  | Identified the ring of Symekk {rElec rN++ Dex+6}
 51022 | Crypt:3  | Got the Octavo of the Bull
 51564 | Pan      | Entered Pandemonium
 51704 | Pan      | Found an exit through the horrors of the Abyss.
 51843 | Pan      | Reached skill level 23 in Unarmed Combat
 52260 | Pan      | Noticed Xivypuc the pandemonium lord
 52270 | Pan      | Killed Xivypuc the pandemonium lord
 52431 | Pan      | Identified the ring "Qeurph Tatzo" {rCorr Dex+3}
 52952 | Pan      | Identified the +7 arbalest of Forgiveness {heavy, rN+
                  | Dex+2}
 53197 | Pan      | Noticed Zelogamo the pandemonium lord
 53208 | Pan      | Reached XP level 27. HP: 280/280 MP: 13/22
 53234 | Pan      | Killed Zelogamo the pandemonium lord
 53266 | Pan      | Got a demonic rune of Zot
 53356 | Pan      | Reached skill level 5 in Air Magic
 54031 | Pan      | Noticed Bucecvy the pandemonium lord
 54038 | Pan      | Killed Bucecvy the pandemonium lord
 54687 | Pan      | Noticed Sugynnor the pandemonium lord
 54702 | Pan      | Killed Sugynnor the pandemonium lord
 54762 | Pan      | Found an exit through the horrors of the Abyss.
 55053 | Pan      | Noticed Nanapidgh the pandemonium lord
 55064 | Pan      | Killed Nanapidgh the pandemonium lord
 56033 | Pan      | Noticed Waco the pandemonium lord
 56047 | Pan      | Killed Waco the pandemonium lord
 56062 | Pan      | Reached skill level 15 in Armour
 56767 | Pan      | Identified the +0 pair of boots of Creativity {Rampage rC+
                  | Dex+4}
 56880 | Pan      | Reached skill level 10 in Translocations
 56894 | Pan      | Noticed Ibustok the pandemonium lord
 56897 | Pan      | Killed Ibustok the pandemonium lord
 57234 | Pan      | Found an exit through the horrors of the Abyss.
 57311 | Pan      | Noticed Disubuh the pandemonium lord
 57328 | Pan      | Killed Disubuh the pandemonium lord
 57538 | Pan      | Noticed a seraph
 57554 | Pan      | Killed a seraph
 57555 | Pan      | Reached skill level 24 in Unarmed Combat
 57570 | Pan      | Found a glowing golden altar of the Shining One.
 57571 | Pan      | Identified the staff of the Brain {rC+ Air Earth}
 57575 | Pan      | Identified the ring "Wuahoab" {rElec rN+ Will+ Int-4}
 58166 | Pan      | Identified the +4 tower shield of Youthful Indiscretion
                  | {Harm}
 58530 | Pan      | Identified the +2 tower shield of Gluttony {Int+3}
 58575 | Pan      | Found a glowing silver altar of Zin.
 59363 | Pan      | Found a white marble altar of Elyvilon.
 59960 | Pan      | Entered the realm of Mnoleg.
 60051 | Pan      | Noticed Mnoleg
 60057 | Pan      | Killed Mnoleg
 60284 | Pan      | Found an exit through the horrors of the Abyss.
 61066 | Pan      | Got a glowing rune of Zot
 61401 | Pan      | Entered the realm of Lom Lobon.
 61421 | Pan      | Noticed Lom Lobon
 61446 | Pan      | Killed Lom Lobon
 61557 | Pan      | Got a magical rune of Zot
 61627 | Pan      | Upgraded the game from 0.32-a0-607-g64ea0e4219 to
                  | 0.32-a0-612-g1c984fe9d1
 62469 | Pan      | Noticed Tossea the pandemonium lord
 62491 | Pan      | Killed Tossea the pandemonium lord
 63088 | Pan      | Found a runed translucent door.
 63151 | Pan      | Noticed Molluy the pandemonium lord
 63157 | Pan      | Killed Molluy the pandemonium lord
 63593 | Pan      | Reached skill level 25 in Unarmed Combat
 63605 | Pan      | Identified the amulet "Niocilo" {Acrobat rElec Will+ Str-3
                  | Int+4 Dex+4}
 63821 | Pan      | Found an exit through the horrors of the Abyss.
 63824 | Pan      | Entered the realm of Gloorx Vloq.
 63881 | Pan      | Noticed Gloorx Vloq
 63889 | Pan      | Killed Gloorx Vloq
 64115 | Pan      | Found an exit through the horrors of the Abyss.
 64481 | Pan      | Got a dark rune of Zot
 64628 | Pan      | Entered the realm of Cerebov.
 64784 | Pan      | Found the +6 sword of Cerebov {flame}
 64784 | Pan      | Noticed Cerebov
 64815 | Pan      | Killed Cerebov
 64845 | Pan      | Got a fiery rune of Zot
 64936 | Pan      | Identified the +4 long sword of Ashenzari, Shrinking
                  | {freeze, rC+ Will+}
 64960 | Pan      | Identified the +1 helmet "Usour" {^Drain rC+ rN+ Str+3}
 65210 | Pan      | Found an exit through the horrors of the Abyss.
 65370 | Pan      | Found a corrupted altar of Lugonu.
 65541 | Pan      | Took an exit into the Abyss.
 65541 | Abyss:3  | Escaped into the Abyss
 65541 | Abyss:3  | Found a sparkling altar of Nemelex Xobeh.
 65545 | Abyss:3  | Found a corrupted altar of Lugonu.
 65567 | Abyss:3  | Found a corrupted altar of Lugonu.
 65581 | Abyss:3  | Found a corrupted altar of Lugonu.
 65596 | Abyss:3  | Found a corrupted altar of Lugonu.
 65601 | Depths:2 | Escaped the Abyss
 65834 | Zig:1    | Entered Level 1 of a ziggurat
 65857 | Zig:2    | Entered Level 2 of a ziggurat
 65880 | Zig:3    | Entered Level 3 of a ziggurat
 65903 | Zig:3    | Identified the +0 robe of Submission {Int-2 Dex+5}
 65908 | Zig:4    | Entered Level 4 of a ziggurat
 65942 | Zig:5    | Entered Level 5 of a ziggurat
 65946 | Zig:5    | Noticed an ancient lich
 65962 | Zig:5    | Killed an ancient lich
 65968 | Zig:5    | Identified the +0 cloak "Xudaniuv" {Rampage}
 65979 | Zig:6    | Entered Level 6 of a ziggurat
 65986 | Zig:6    | Noticed a royal mummy
 66001 | Zig:6    | Killed a royal mummy
 66022 | Zig:7    | Entered Level 7 of a ziggurat
 66054 | Zig:7    | Identified the ring "Parixtur" {rC+ rN+ Will+ SInv}
 66061 | Zig:8    | Entered Level 8 of a ziggurat
 66087 | Zig:8    | Identified the staff of Bile {rPois rN+ Will++ Int+3 Dex-4
                  | Alchemy}
 66160 | Zig:9    | Entered Level 9 of a ziggurat
 66167 | Zig:9    | Noticed Minism's ghost (legendary MiFi)
 66168 | Zig:9    | Noticed Iwannabefree's ghost (veteran CoGl)
 66198 | Zig:9    | Killed Minism's ghost
 66201 | Zig:9    | Killed Iwannabefree's ghost
 66246 | Zig:10   | Entered Level 10 of a ziggurat
 66278 | Zig:10   | Got the Tome of Combustive Open Graves
 66281 | Zig:10   | Identified the ring of Curiosity {rF+ Will+ Int+6}
 66294 | Zig:11   | Entered Level 11 of a ziggurat
 66303 | Zig:11   | Found the +8 lance "Wyrmbane" {slay drac, rPois rF+ rC+
                  | AC+3}
 66310 | Zig:11   | Found the +5 glaive of the Guard {elec, spectral}
 66354 | Zig:12   | Entered Level 12 of a ziggurat
 66354 | Zig:12   | Noticed a royal mummy
 66366 | Zig:12   | Killed a royal mummy
 66368 | Zig:12   | Noticed a dread lich
 66371 | Zig:12   | Reached skill level 10 in Air Magic
 66377 | Zig:12   | Killed a dread lich
 66450 | Zig:12   | Acquired the amulet "Hirgh" {rC++ Regen+ rCorr}
 66457 | Zig:12   | Identified the ring "Gaor" {rCorr EV+5}
 66463 | Zig:12   | Identified the +0 buckler of Bivuch {Rampage rF+ Str-4
                  | Stlth+}
 66471 | Zig:13   | Entered Level 13 of a ziggurat
 66476 | Zig:13   | Noticed an ancient lich
 66538 | Zig:13   | Killed an ancient lich
 66701 | Zig:13   | Identified the ring of the Final Decision {Ice rPois}
 66702 | Zig:13   | Identified the +12 arbalest of Adverse Possession {elec,
                  | Int+4}
 66704 | Zig:13   | Identified the ring of the Republic {Str+6 Int+3 Dex+6}
 66712 | Zig:13   | Acquired 781 gold pieces
 66717 | Zig:13   | Identified the +4 leather armour of the Orcish Mines
                  | {+Blink rN+ Str+2 Dex+2}
 66721 | Zig:14   | Entered Level 14 of a ziggurat
 66730 | Zig:14   | Noticed a royal mummy
 66731 | Zig:14   | Noticed a royal mummy
 66733 | Zig:14   | Noticed a royal mummy
 66733 | Zig:14   | Noticed a royal mummy
 66733 | Zig:14   | Noticed a royal mummy
 66734 | Zig:14   | Noticed a royal mummy
 66734 | Zig:14   | Noticed a royal mummy
 66740 | Zig:14   | Killed a royal mummy
 66756 | Zig:14   | Killed a royal mummy
 66758 | Zig:14   | Killed a royal mummy
 66782 | Zig:14   | Killed a royal mummy
 66785 | Zig:14   | Killed a royal mummy
 66812 | Zig:14   | Killed a royal mummy
 66821 | Zig:14   | Killed a royal mummy
 66867 | Zig:14   | Identified the ring "Lutz" {Ice Str+5}
 66872 | Zig:14   | Identified the ring of Mafouduk {rF- rCorr MP+9 Slay+2}
 66885 | Zig:15   | Entered Level 15 of a ziggurat
 66965 | Zig:15   | Identified the +4 broad axe "Piowuj" {freeze, Int+3}
 66969 | Zig:15   | Identified the +9 war axe of Shrieking Terror {antimagic,
                  | rCorr Str+4 Stlth+}
 66985 | Zig:15   | Learned a level 2 spell: Blink
 66999 | Zig:16   | Entered Level 16 of a ziggurat
 67012 | Zig:16   | Noticed Meqol the pandemonium lord
 67028 | Zig:16   | Killed Meqol the pandemonium lord
 67032 | Zig:16   | Reached skill level 26 in Unarmed Combat
 67046 | Zig:16   | Slain by a demonspawn warmonger

Illustrated notes

Levels and vault maps discovered:
D:1:      moated_graveyard_arrival, layout_basic,
          shapermc_ecumenical_altar_pompeii, serial_park_tiny_1
D:2:      layout_basic, uniq_jessica, uniq_terence
D:3:      layout_rooms, nicolae_wu_jian_immortal_techniques,
          makhleb_altar_promises_db, nicolae_overflow_hidden_temple,
          uniq_crazy_yiuf_cottage, uniq_natasha
D:4:      layout_basic, serial_shops, shop, shop_fountains,
          nicolae_shop_behind_doors, st_stairs_5, minmay_ogre_servants
D:5:      layout_cave_pods
D:6:      layout_cave_pools, yredelemnul_forgotten_temple_becter,
          minmay_temple_entry_hall
D:7:      layout_basic
D:8:      layout_basic, serial_shops, nicolae_shop_pleasant_corner_grove,
          minmay_ruined_shrine
D:9:      layout_basic, ebering_ghost_gozag
D:10:     layout_loops_ring, hellmonk_lair_entry_icy, st_stairs_10,
          grunt_decor_one_mirror
D:11:     layout_loops_cross
D:12:     layout_loops_cross, david_orc_2, serial_ice, serial_ice_k,
          serial_ice_b, serial_ice_m, serial_ice_d, serial_ice_g, serial_ice_a,
          serial_ice_f, serial_ice_e, serial_ice_h, serial_ice_c,
          portal_ice_cave_rime, patterned_corridor
D:13:     layout_roguey, enter_trove_3, uniq_urug
D:14:     layout_big_octagon, hangedman_vaults_entry_quadrant_bands,
          amethyst_killhole
D:15:     grunt_enter_depths_snipers, layout_loops_ring, evilmike_butchery
Temple:   lightli_temple_of_artemis
Lair:1:   layout_cave_pods, uniq_prince_ribbit2
Lair:2:   layout_cave_shapes, elwin_shoals_entry_rooms,
          nicolae_snake_entry_squirm, serial_bayou_shore_b, lemuel_fruit_tree,
          grunt_megastairs_2
Lair:3:   layout_concentric_octagons
Lair:4:   layout_roguey, dpeg_slime_entry_corner, uniq_nessos
Lair:5:   hangedman_lair_tendril_chambers, layout_cave_pods,
          gauntlet_entry_generic
Shoals:1: layout_shoals, uniq_louise
Shoals:2: layout_shoals, gammafunk_ghost_split, st_sunken_temple
Shoals:3: layout_shoals, serial_shops, shop
Shoals:4: shoals_end_grunt_ice, layout_shoals, shoal_ilsuiw
Snake:1:  layout_layer_cave, nicolae_integral_box, uniq_mlioglotl
Snake:2:  layout_basic, serial_shops, shop, serial_library_hellmonk_metal_room
Snake:3:  layout_cave_town, nicolae_snake_gridmaze_squiggle, uniq_roxanne,
          uniq_azrael
Snake:4:  johnstein_snake_rune_scales, layout_layer_cave,
          nicolae_large_snake_swirl
Slime:1:  layout_caves
Slime:2:  cheibrodos_slime_lost_civilization_2, layout_caves, uniq_dissolution
Slime:3:  nicolae_slime_infinislime, layout_caves
Slime:4:  layout_caves, basic_altar
Slime:5:  slime_pit_nicolae_trefoil
Orc:1:    layout_diamond_mine, led_sif_book
Orc:2:    grunt_orc_gardens, layout_caves, grunt_orc_garden, grunt_orc_garden,
          grunt_orc_garden, grunt_orc_garden, serial_shops, shop,
          nicolae_orc_quarried_blocks
Elf:1:    layout_geoelf_octagon, serial_shops, shop,
          nicolae_elf_shapeshifter_party
Elf:2:    nicolae_elf_blades_crystal_corner, layout_loops_corners, serial_shops,
          shop, drop_trap, abandoned_shop
Elf:3:    minmay_elf_hall_x, layout_geoelf_grid, minmay_misc_feat_diagonals,
          grunt_megastairs_3
Vaults:1: advil_vaults_ghost_lines, ontoclasm_vaults_spin,
          nicolae_vaults_stepped_doors, nicolae_vaults_hallways_thing,
          nicolae_vaults_tetromino_Z_2, vaults_standard_mumra_x, v_misc_18,
          nicolae_vaults_tetromino_Z_1, hangedman_vaults_slice, v_misc_31,
          ontoclasm_vaults_misaligned, grunt_vaults_diagonal,
          nicolae_vaults_tetromino_Z_1, layout_vaults_ring
Vaults:2: serial_library_hellmonk_open_cross, nicolae_vaults_heart-shaped_vault,
          nicolae_vaults_trapezoid_3, nicolae_vaults_network_periphery,
          vaults_room_stairs_pillars, v_misc_26, hangedman_vaults_nails,
          nicolae_vaults_yaktaur_gun_rack,
          nicolae_vaults_antechamber_and_loot_room, vaults_dpeg_encased_lava,
          layout_vaults_omnicross
Vaults:3: portal_desolation_entry_holy_temple, minmay_crypt_entry_simple_sparse,
          nicolae_vaults_trapezoid_lopsided_1, vaults_room_corners,
          vaults_room_grid, nicolae_vaults_turnstiles,
          nicolae_vaults_little_squares_6, v_misc_11,
          nicolae_vaults_variable_pillar_hall_cross, v_alt_pattern_5,
          vaults_dpeg_ring, ontoclasm_vaults_idyll, nicolae_vaults_tangram_1,
          nicolae_vaults_trapezoid_lopsided_1, layout_vaults_omnigrid,
          serial_shops, nicolae_shop_waterfront
Vaults:4: nicolae_vaults_octothorpe, nicolae_vaults_network_barrier,
          vaults_dpeg_cross, nicolae_vaults_tetromino_L_1,
          nicolae_vaults_trapezoid_lopsided_3, nicolae_vaults_sesquioval_fish,
          layout_vaults_big_room, uniq_bai_suzhen
Vaults:5
Crypt:1:  layout_misc_corridors, uniq_margery, uniq_zenata, uniq_frederick
Crypt:2:  layout_regular_city, uniq_saint_roka
Crypt:3:  church_of_pain_bobbens, layout_chaotic_city,
          nicolae_tomb_entry_rubble_hallway, nicolae_crypt_lichyard
Depths:1: layout_honeycomb, minmay_room_of_horrors, hell_entry,
          dk_noncrumbling_4, amcnicky_mini_corridor_feature, st_stairs_8,
          nicolae_qazlal_eye_of_the_storm, grunt_megastairs_4
Depths:2: minmay_bubble_buster, layout_basic, hangedman_abyss_entry_splay,
          grunt_pan_entry_in_and_out, pf_coc_iceberg, nicolae_ru_awakened_eye
Depths:3: due_jory_tower, layout_twisted_cross, enter_ziggurat_c, basic_altar,
          abyss_entry, hell_entry, uniq_xtahua, uniq_josephina
Depths:4: grunt_zot_entry_pinwheel, layout_cave_shapes, serial_shops,
          bzr_entry_dummy, grunt_hell_horde, nicolae_uskayaw_en_pointe,
          hangedman_decor_lopped, uniq_jory, uniq_vv, uniq_enchantress
Hell
Zig:16

Skill      XL: |  1  2  3  4  5  6  7  8  9 10 11 12 13 14 15 16 17 18 19 20 21 22 23 24 25 26 27 |
---------------+----------------------------------------------------------------------------------+-----
Fighting       | 1 2 3 4 5 6 7 8 9 10 11 12 13 14 15 16 17 21 | 21.0
Dodging        | 2 3 4 5 6 7 8 9 10 11 12 13 14 15 18 | 18.7
Shapeshifting  | 4 5 6 7 9 10 11 12 13 14 15 16 17 18 19 20 21 23 | 23.0
Unarmed Combat | 4 5 6 7 8 10 11 12 14 15 17 18 19 20 21 22 23 26 | 26.0
Armour         | 1 3 4 6 7 8 9 11 12 13 14 18 | 18.8
Shields        | 5 8 11 13 14 16 17 18 19 20 | 20.8
Translocations | 2 7 13 | 13.5
Air Magic      | 1 4 10 | 10.4
Spellcasting   | 3 |  3.1

Action                     |  1- 3 |  4- 6 |  7- 9 | 10-12 | 13-15 | 16-18 | 19-21 | 22-24 | 25-27 || total
---------------------------+-------+-------+-------+-------+-------+-------+-------+-------+-------++-------
  Melee: Unarmed           |    66 |   183 |   275 |   600 |  1395 |  1177 |  1093 |  2194 |  4931 || 11914
         Punch             |     2 |     3 |    10 |    23 |    26 |     4 |       |       |       ||    68
         Constrict         |       |       |       |    17 |     9 |       |       |       |       ||    26
         Bite              |       |       |       |       |     3 |     2 |       |       |       ||     5
         Tailslap          |       |       |       |       |     1 |     4 |       |       |       ||     5
  Throw: Dart              |       |       |       |       |     1 |       |       |       |       ||     1
 Invoke: Serpent's Lash    |       |       |       |     1 |     4 |     1 |     1 |     3 |     8 ||    18
         Heavenly Storm    |       |       |       |       |     3 |     4 |     3 |     2 |    12 ||    24
Ability: Lunge             |       |    10 |    30 |    56 |    90 |   117 |    70 |   152 |   393 ||   918
         Whirlwind         |       |     1 |    34 |   101 |   286 |   405 |   432 |   562 |  1348 ||  3169
         Siphon Essence    |       |       |       |       |       |       |       |       |     1 ||     1
  Evoke: Wand              |       |       |       |     4 |       |     1 |       |     2 |     5 ||    12
         Lightning rod     |       |       |       |       |       |       |       |     3 |       ||     3
    Use: Scroll            |       |     3 |    12 |     4 |    15 |     5 |    10 |     3 |     5 ||    57
         Potion            |       |       |       |       |     4 |     3 |     2 |     1 |     4 ||    14
   Stab: Sleeping          |       |     1 |       |       |       |     1 |       |     2 |       ||     4
         Distracted        |       |       |       |     1 |     1 |     1 |     1 |     1 |       ||     5
 Armour: Animal skin       |    45 |    79 |     4 |       |       |       |       |       |       ||   128
         Steam dragon scal |       |       |   135 |   179 |   136 |       |       |       |       ||   450
         Skin              |       |       |       |    73 |    78 |   702 |   524 |   296 |       ||  1673
         Troll leather arm |       |       |       |       |   420 |   139 |       |       |       ||   559
         Gold dragon scale |       |       |       |       |       |       |     8 |   546 |  1507 ||  2061
  Dodge: Dodged            |    34 |   116 |   154 |   304 |   488 |   409 |   377 |   379 |   754 ||  3015
         Repelled          |       |       |       |       |    19 |    89 |    64 |   100 |    96 ||   368
  Block: Other             |       |       |       |       |    19 |       |       |       |       ||    19
         Kite shield       |       |       |       |       |   514 |       |       |       |       ||   514
         Reflection        |       |       |       |       |    62 |    47 |    87 |    59 |    68 ||   323
         Tower shield      |       |       |       |       |       |  1030 |   955 |  1357 |  2927 ||  6269
   Form: Beast             |       |       |       |     3 |     2 |       |       |       |       ||     5
         Blade             |       |       |       |     2 |     1 |       |       |       |       ||     3
         Flux              |       |       |       |     1 |       |       |       |       |       ||     1
         Serpent           |       |       |       |     1 |     3 |       |       |       |       ||     4
                           |       |       |       |       |     3 |     2 |     1 |     1 |     2 ||     9
         Dragon            |       |       |       |       |     1 |       |       |       |       ||     1
         Statue            |       |       |       |       |       |     2 |       |     1 |       ||     3
         Death             |       |       |       |       |       |       |       |       |     3 ||     3

Table legend: (Time is in decaauts)
 A = Elapsed time spent in this place.
 B = Non-inter-level travel time spent in this place.
 C = Inter-level travel time spent in this place.
 D = Time resting spent in this place.
 E = Time spent auto-exploring this place.
 F = Levels seen in this place.
 G = Mean time per level.
                   A        B        C        D        E       F      G
               +--------+--------+--------+--------+--------+-----+--------+
         Total |  73073 |  66781 |   6292 |    614 |  46683 |  92 |  794.3 |
       Dungeon |  13855 |  11617 |   2238 |    186 |   8391 |  15 |  923.7 |
        Temple |      1 |      1 |      0 |      0 |      0 |   1 |    1.0 |
          Lair |   5599 |   4822 |    777 |      0 |   3622 |   5 | 1119.8 |
        Shoals |   3718 |   3436 |    282 |      0 |   2479 |   4 |  929.5 |
     Snake Pit |   6203 |   5973 |    230 |      0 |   4517 |   4 | 1550.8 |
    Slime Pits |   1095 |   1022 |     73 |    110 |    255 |   5 |  219.0 |
  Orcish Mines |   1474 |   1214 |    260 |      0 |    830 |   2 |  737.0 |
   Elven Halls |   2718 |   2596 |    122 |      0 |   1877 |   3 |  906.0 |
        Vaults |   8632 |   7550 |   1082 |      0 |   6041 |   5 | 1726.4 |
         Crypt |   2902 |   2694 |    208 |      0 |   1959 |   3 |  967.3 |
        Depths |   7367 |   6374 |    993 |     13 |   4919 |   4 | 1841.8 |
          Hell |    480 |    459 |     21 |      0 |    327 |   1 |  480.0 |
         Abyss |   2176 |   2176 |      0 |     13 |    250 |   2 | 1088.0 |
   Pandemonium |  13301 |  13301 |      0 |    148 |   9645 |  17 |  782.4 |
      Ziggurat |   1192 |   1192 |      0 |     45 |    400 |  16 |   74.5 |
        Bazaar |    225 |    225 |      0 |      0 |     99 |   1 |  225.0 |
         Trove |     82 |     82 |      0 |      0 |      0 |   1 |   82.0 |
      Ice Cave |    699 |    699 |      0 |      0 |    383 |   1 |  699.0 |
    Desolation |    909 |    909 |      0 |      0 |    525 |   1 |  909.0 |
      Gauntlet |    437 |    437 |      0 |     98 |    162 |   1 |  437.0 |
               +--------+--------+--------+--------+--------+-----+--------+

Top non-repeatable levels by time:
Vaults:3: 2181 daAuts
 Snake:4: 2177 daAuts
 Abyss:3: 2176 daAuts
Depths:3: 1984 daAuts
Vaults:5: 1936 daAuts
Depths:1: 1934 daAuts
Depths:2: 1821 daAuts
Vaults:1: 1679 daAuts
 Snake:1: 1652 daAuts
    D:12: 1627 daAuts
Depths:4: 1627 daAuts
 Snake:3: 1483 daAuts
  Lair:5: 1463 daAuts
Vaults:2: 1459 daAuts
  Lair:1: 1408 daAuts
